 Dungeon Crawl Stone Soup version 0.16.1-12-gf5c4a84 (webtiles) character file.

196 faffalel the Skirmisher (level 5, 0/48 HPs)
             Began as a Minotaur Berserker on Apr 8, 2015.
             Was a Priest of Trog.
             Slain by a gnoll
             ... wielding a +0 halberd
              (7 damage)
             ... on level 3 of the Dungeon.
             The game lasted 00:09:11 (2705 turns).

faffalel the Skirmisher (Minotaur Berserker)        Turns: 2705, Time: 00:09:11

Health: 0/48       AC:  9    Str: 21    XL:     5   Next: 46%
Magic:  2/2        EV:  8    Int:  4    God:    Trog [***...]
Gold:   178        SH:  0    Dex: 11    Spells: 0 memorised, 4 levels left

rFire  . . .     SeeInvis .     a - +0 hand axe
rCold  . . .     Clarity  +     d - +0 chain mail
rNeg   . . .     SustAb   .     (no shield)
rPois  .         Gourm    .     (helmet restricted)
rElec  .         Spirit   .     (no cloak)
rCorr  .         Warding  .     (no gloves)
rMut   .         Stasis   .     (no boots)
MR     .....                    f - amulet of clarity
Stlth  ..........               (no ring)
                                (no ring)

@: not resistant to hostile enchantments, extremely unstealthy
A: retaliatory headbutt, horns 2
a: Burn Spellbooks, Berserk, Trog's Hand, Renounce Religion


You were on level 3 of the Dungeon.
You worshipped Trog.
Trog was most pleased with you.
You were very hungry.

You visited 1 branch of the dungeon, and saw 3 of its levels.

You collected 178 gold pieces.

Inventory:

Hand weapons
 a - a +0 hand axe (weapon)
Missiles
 b - 61 arrows
Armour
 d - a +0 chain mail (worn)
Jewellery
 f - an amulet of clarity (around neck)
Scrolls
 c - a scroll of fog
 e - a scroll of magic mapping
 g - 2 scrolls of enchant weapon
 h - a scroll of noise {unknown}
 j - a scroll of identify
Potions
 i - 2 potions of haste


   Skills:
 * Level 5.3 Fighting
 * Level 5.0 Axes
 * Level 4.1 Armour
 + Level 2.9 Dodging


You had 4 spell levels left.
You didn't know any spells.

Dungeon Overview and Level Annotations

Branches:
Dungeon (3/15)

Altars:
Okawaru
Ru


Innate Abilities, Weirdness & Mutations

You reflexively headbutt those who attack you in melee.
You have a pair of horns on your head.


Message History

The gnoll is moderately wounded.
Something hits you but does no damage. The gnoll barely misses you.
Use which ability? (? or * to list) You're too hungry to go berserk.
You miss something. You hit the gnoll.
The gnoll is heavily wounded.
The gnoll closely misses you. Something hits you but does no damage.
The gnoll hits you but does no damage.
You miss something. You hit the gnoll.
The gnoll is severely wounded.
The gnoll hits you from afar with a halberd!
* * * LOW HITPOINT WARNING * * *
Something hits you but does no damage. The gnoll hits you with a whip.
* * * LOW HITPOINT WARNING * * *
You barely miss something. You hit the gnoll.
You kill the gnoll!
Trog accepts your kill.
Your Armour skill increases to level 4!
The gnoll hits you from afar with a halberd!
You die...

#...ยง.......
#..................
##.#########
#.#.###......#..... #.#
#.#.# #......#.#... #.#
#.#.# #......#.#.#. #.#
#.#.###......#.#.#. #.# #
#.#.....(....#.#.#. #.#
..##.#.#####......#.#.#.
#..
...................#.#...
# #.#)@.......##.#.....
#{#####.#.##.....). .g.
#.#.###...### #... #.#.#
#...# #... #.#.# #...#
#... ..#.# #...# #...
#.#.# #...# #...
######.###...### #...
#........'...'..


You could see a gnoll.

Vanquished Creatures
  A hound (D:3)
  An iguana (D:3)
  A gnoll (D:3)
  6 adders (D:2)
  A worm (D:3)
  A giant gecko (D:3)
  3 oozes
  7 orcs (D:3)
  6 bats
  2 giant cockroaches (D:1)
  8 goblins
  6 hobgoblins
  5 jackals
  6 kobolds
  A quokka (D:3)
  A ball python (D:3)
  3 giant newts (D:2)
  7 rats
66 creatures vanquished.

Notes
Turn   | Place    | Note
--------------------------------------------------------------
     0 | D:1      | faffalel, the Minotaur Berserker, began the quest for the Orb.
     0 | D:1      | Reached XP level 1. HP: 19/19 MP: 1/1
   294 | D:1      | Reached XP level 2. HP: 27/27 MP: 1/1
   300 | D:1      | Reached skill level 4 in Fighting
   662 | D:2      | Acquired Trog's second power
   662 | D:2      | Reached XP level 3. HP: 20/33 MP: 2/2
   820 | D:2      | Reached XP level 4. HP: 37/41 MP: 2/2
  1653 | D:3      | Found an iron altar of Okawaru.
  1986 | D:3      | Reached skill level 5 in Fighting
  2029 | D:3      | Reached XP level 5. HP: 48/48 MP: 2/2
  2313 | D:3      | Reached skill level 5 in Axes
  2344 | D:3      | Found a sacrificial altar of Ru.
  2705 | D:3      | Slain by a gnoll

Action                   |  1- 3 |  4- 6 || total
-------------------------+-------+-------++-------
Melee: Hand axe          |    47 |   110 ||   157
  Use: Scroll            |     6 |     1 ||     7
       Potion            |       |     5 ||     5
  Eat: Bread ration      |       |     1 ||     1
